 Dungeon Crawl Stone Soup version 0.27.1-2-g3b301248ec (webtiles) character file.

Game seed: 1742409505517554177

446 Borgoz the Cudgeller (level 7, 0/44 HPs)
             Began as a Gargoyle Gladiator on Sept 28, 2021.
             Was an Initiate of Okawaru.
             Slain by a hound (2 damage)
             ... on level 4 of the Dungeon.
             The game lasted 00:05:34 (4388 turns).

Borgoz the Cudgeller (Gargoyle Gladiator)           Turns: 4388, Time: 00:05:35

Health: 0/44       AC: 12    Str: 19    XL:     7   Next: 3%
Magic:  7/7        EV: 12    Int:  8    God:    Okawaru [......]
Gold:   95         SH:  0    Dex: 12    Spells: 6/6 levels left

rFire    + . .     SeeInvis .   a - +0 flail
rCold    + . .     Faith    .   (no shield)
rNeg     + + .     Spirit   .   e - +0 ring mail
rPois    ∞         Reflect  .   c - +1 helmet
rElec    +         Harm     .   (no cloak)
rCorr    +         Rampage  .   (no gloves)
Will     .....                  (no boots)
Stlth    +.........             (no amulet)
HPRegen  0.14/turn              f - ring of positive energy
MPRegen  0.10/turn              (no ring)

@: resistant, attractive
A: sickness immunity, AC +4, negative energy resistance 1, electricity
resistance, torment resistance 1, petrification resistance
a: Renounce Religion


You were on level 4 of the Dungeon.
You worshipped Okawaru.
Okawaru was noncommittal.
You visited 2 branches of the dungeon, and saw 5 of its levels.

You collected 95 gold pieces.

Inventory:

Hand Weapons
 a - a +0 flail (weapon)
Missiles
 d - 2 throwing nets (quivered)
Armour
 c - a +1 helmet (worn)
 e - a +0 ring mail (worn)
Jewellery
 f - a ring of positive energy (left hand)
Potions
 b - a potion of brilliance


   Skills:
 * Level 4.4 Fighting
 * Level 4.6 Maces & Flails
 - Level 1.7 Throwing
 * Level 3.4 Armour
 * Level 3.7 Dodging


You had 6 spell levels left.
You didn't know any spells.
Your spell library contained the following spells:

 Spells                   Type           Power      Damage    Failure   Level
 Portal Projectile        Hex/Tloc       0%         N/A       91%         3
 Blade Hands              Tmut           0%         N/A       100%        5
 Excruciating Wounds      Necr           0%         N/A       100%        5


Dungeon Overview and Level Annotations

Branches:
Dungeon (4/15)             Temple (1/1) D:4

Altars:
Cheibriados
Dithmenos
Fedhas
Hepliaklqana
Okawaru
Qazlal
Ru
Sif Muna
Trog
Uskayaw
Vehumet
Wu Jian
Xom
Yredelemnul
The Shining One


Innate Abilities, Weirdness & Mutations

You are immune to sickness and miasma.
Your stone body is resilient. (AC +4)
You are immune to poison.
You resist negative energy. (rN+)
You are resistant to electric shocks. (rElec)
You are resistant to unholy torment.
You are immune to petrification.


Message History

* * * LOW HITPOINT WARNING * * *
The gnoll barely misses you.
You are too injured to fight recklessly!
You are too injured to fight recklessly!
It was a potion of attraction.
You feel attractive to monsters. The gnoll hits you with a +0 flail.
* * * LOW HITPOINT WARNING * * *
The gnoll closely misses you.
It was a potion of resistance.
You feel protected. The gnoll closely misses you.
The gnoll hits you but does no damage.
As you read the scroll of teleportation, it crumbles to dust.
You feel strangely unstable. The gnoll hits you with a +0 flail.
* * * LOW HITPOINT WARNING * * *
The gnoll hits you with a +0 flail.
* * * LOW HITPOINT WARNING * * *
The gnoll is pulled toward you!
You see here a throwing net.
The gnoll is pulled toward you! x2
Your surroundings suddenly seem different.
A hound comes into view.
Found a chain mail.
The hound barks!
The hound misses you.
Okay, then.
Throw: 3 throwing nets
Press: ? - help, Q - select action Shift-Dir - straight line, f - hound
Aim: a hound (48% to hit)
You throw a throwing net. The throwing net hits the hound.
The hound is caught in the net!
The hound struggles against the net.
You sock the hound!
The hound is heavily wounded.
The hound struggles against the net. x2
The net rips apart, and the hound comes free!
You closely miss the hound.
The hound is heavily wounded.
The hound bites you.
You die...

.# . #......
....... .
....... ..
.......## #
... ......##
.# ##.
#.....#.#
#.......#
#...@..#
#...h..#
#........#
..[.....#..#
#.........#
##
..........#
...........
#..........#


You could see a hound.

Vanquished Creatures
  Sigmund (D:3)
  A howler monkey (D:4)
  A hound (D:4)
  Jessica (D:3)
  An orc wizard (D:3)
  Robin (D:4)
  5 adders
  3 worms
  A dart slug (D:1)
  10 orcs
  9 ball pythons
  6 endoplasms
  2 giant cockroaches
  11 goblins
  9 hobgoblins
  3 jackals (D:2)
  2 quokkas (D:1)
  7 bats
  2 frilled lizards
  4 kobolds
  7 rats
87 creatures vanquished.

Vanquished Creatures (others)
  A plant (D:1)
1 creature vanquished.

Grand Total: 88 creatures vanquished

Notes
Turn   | Place    | Note
-------+----------+-------------------------------------------
     0 | D:1      | Borgoz the Gargoyle Gladiator began the quest for the Orb.
     0 | D:1      | Reached XP level 1. HP: 12/12 MP: 1/1
   135 | D:1      | Reached XP level 2. HP: 17/18 MP: 2/2
   423 | D:1      | Found a faded altar of an unknown god.
   545 | D:1      | Reached skill level 1 in Armour
   583 | D:1      | Reached XP level 3. HP: 22/22 MP: 3/3
  1412 | D:2      | Reached XP level 4. HP: 19/28 MP: 4/4
  1529 | D:2      | Noticed Robin
  2722 | D:3      | Noticed Sigmund
  2862 | D:3      | HP: 1/28 [Sigmund (8)]
  2867 | D:3      | Killed Sigmund
  2868 | D:3      | Reached XP level 5. HP: 15/33 MP: 5/5
  2868 | D:3      | Reached XP level 6. HP: 18/38 MP: 6/6
  3613 | D:3      | Noticed Jessica
  3635 | D:3      | Killed Jessica
  3985 | D:3      | Found a blossoming altar of Fedhas.
  4053 | D:4      | Killed Robin
  4089 | D:4      | Found a staircase to the Ecumenical Temple.
  4111 | Temple   | Entered the Ecumenical Temple
  4235 | Temple   | Became a worshipper of Warmaster Okawaru
  4369 | D:4      | Reached XP level 7. HP: 39/44 MP: 7/7
  4382 | D:4      | HP: 1/44 [gnoll (3)]
  4388 | D:4      | Slain by a hound

Illustrated notes

Levels and vault maps discovered:
D:1:      denvon_arrival_planthouse, layout_basic,
          hellmonk_ecumenical_altar_run_dry
D:2:      layout_loops_ring, uniq_robin
D:3:      layout_basic, lemuel_tele_altar, minmay_pentangle, uniq_sigmund,
          uniq_jessica
D:4:      layout_layer_cave, minmay_temple_entry_waves
Temple:   jpeg_temple_clearing

Skill      XL: |  1  2  3  4  5  6 |
---------------+-------------------+-----
Armour         | 1 2 3 |  3.4
Fighting       | 3 4 |  4.4
Dodging        | 3 |  3.7
Maces & Flails | 4 |  4.6
Throwing       | |  1.7

Action                   |  1- 3 |  4- 6 |  7- 9 || total
-------------------------+-------+-------+-------++-------
Melee: Flail             |   102 |   227 |    10 ||   339
Throw: Throwing net      |       |     4 |     1 ||     5
  Use: Potion            |       |     4 |     2 ||     6
       Scroll            |       |     6 |     1 ||     7
 Stab: Held in net/web   |       |     2 |       ||     2
Armor: Leather armour    |     8 |       |       ||     8
       Ring mail         |    41 |   117 |     4 ||   162
Dodge: Dodged            |    74 |   171 |     7 ||   252
